 Dungeon Crawl Stone Soup version 0.26.1-11-gd32895ea62 (webtiles) character file.

Game seed: 11002536198287427117

737 sollk the Chopper (level 7, -2/62 HPs)
             Began as a Minotaur Berserker on July 14, 2021.
             Was an Initiate of Ru.
             Slain by a black bear (4 damage)
             ... created by the rage of Trog
             ... on level 5 of the Dungeon on July 15, 2021.
             The game lasted 00:20:51 (2493 turns).

sollk the Chopper (Minotaur Berserker)              Turns: 2493, Time: 00:20:51

Health: -2/62      AC:  6    Str: 24    XL:     7   Next: 46%
Magic:  6/6        EV: 12    Int:  4    God:    Ru [......]
Gold:   125        SH:  0    Dex:  9    Spells: 6/6 levels left

rFire    . . .     SeeInvis .   v - +2 hand axe (freeze)
rCold    . . .     Faith    .   (no shield)
rNeg     . . .     Spirit   .   r - +0 ring mail
rPois    .         Reflect  .   (helmet restricted)
rElec    .         Harm     .   (no cloak)
rCorr    .         Rampage  .   (no gloves)
Will     .....                  (no boots)
Stlth    ..........             (no amulet)
HPRegen  0.20/turn              (no ring)
MPRegen  0.10/turn              (no ring)

@: invisible
A: retaliatory headbutt, horns 2
a: Renounce Religion


You were on level 5 of the Dungeon.
You worshipped Ru.
Ru was noncommittal.
You visited 1 branch of the dungeon, and saw 5 of its levels.

You collected 125 gold pieces.

Inventory:

Hand Weapons
 a - a +0 hand axe
 c - a +0 hand axe
 g - a +0 club
 h - a +0 trident
 j - a +0 whip
 s - a +0 flail
 v - a +2 hand axe of freezing (weapon)
Missiles
 e - 30 bolts
Armour
 b - a +0 animal skin
 d - a +0 ring mail
 k - a +0 helmet
 r - a +0 ring mail (worn)
Jewellery
 m - an uncursed amulet of regeneration {unknown}
 o - an uncursed amulet of regeneration {unknown}
Scrolls
 f - 2 scrolls of identify {unknown}
 i - 2 scrolls of teleportation {unknown}
 q - a scroll of remove curse {unknown}
 u - a scroll of enchant armour {unknown}
 w - a scroll of enchant weapon {unknown}
Potions
 n - a potion of attraction {unknown}
 p - a potion of ambrosia {unknown}
 t - a potion of curing {unknown}


   Skills:
 + Level 5.8 Fighting
 + Level 7.1 Axes
 + Level 6.1 Armour
 + Level 3.3 Dodging


You had 6 spell levels left.
You didn't know any spells.
Your spell library was empty.

Dungeon Overview and Level Annotations

Branches:
Dungeon (5/15)
 Temple: D:4-7

Altars:
Ru


Innate Abilities, Weirdness & Mutations

You reflexively headbutt those who attack you in melee.
You have a pair of horns on your head.


Message History

The black bear claws you but does no damage.
The polar bear misses you. You furiously retaliate!
You headbutt the polar bear, but do no damage.
The polar bear completely misses you. The polar bear claws you.
You closely miss the polar bear.
You headbutt the polar bear, but do no damage.
The polar bear is lightly wounded.
You closely miss the black bear. The black bear bites you!
* * * LOW HITPOINT WARNING * * *
The black bear misses you.
The black bear claws you but does no damage.
The polar bear bites you!
* * * LOW HITPOINT WARNING * * *
The polar bear claws you.
* * * LOW HITPOINT WARNING * * *
The polar bear closely misses you.
It was a potion of invisibility.
You fade into invisibility!
The black bear barely misses you. The black bear claws you.
You die...

#.#.#.....)##########
#..#.................
#.#........##.#####..
#.##.##...###.#
#.##.###.## #.####
#.##.# #.# #.##..
#.##)###h# #.##.#
#......#h# #.##.#
#..###.#@# #†##.#
#..# #hh.# #.##.#
##.###.###
#.##.#####.# #.....#
#..........# ###.###
####.####### ...# #.#
#.### #.# #. #.# #
#.# #####


You could see a polar bear (berserk) and 3 black bears.

Vanquished Creatures
  An ogre (D:4)
  A bullfrog (D:2)
  3 scorpions
  A water moccasin skeleton (D:4)
  A howler monkey (D:4)
  A centaur skeleton (D:5)
  2 hounds (D:4)
  2 orc wizards
  2 orc priests
  A bullfrog skeleton (D:5)
  Robin (D:3)
  3 adders (D:4)
  A white imp (D:5)
  A worm (D:2)
  3 dart slugs
  A leopard gecko (D:1)
  6 orcs
  3 giant cockroaches
  10 goblins
  8 hobgoblins
  4 jackals (D:4)
  5 kobolds
  4 quokkas
  2 ball pythons (D:3)
  A bat (D:3)
  A frilled lizard (D:2)
  2 rats
  2 bushes (D:1)
73 creatures vanquished.

Vanquished Creatures (others)
  15 plants
15 creatures vanquished.

Grand Total: 88 creatures vanquished

Notes
Turn   | Place    | Note
-------+----------+-------------------------------------------
     0 | D:1      | sollk the Minotaur Berserker began the quest for the Orb.
     0 | D:1      | Reached XP level 1. HP: 19/19 MP: 0/0
   600 | D:1      | Reached XP level 2. HP: 16/27 MP: 1/1
   659 | D:3      | Reached skill level 4 in Axes
   700 | D:3      | Noticed Robin
   714 | D:3      | Reached XP level 3. HP: 24/33 MP: 2/2
   717 | D:3      | Reached ** piety under Trog
   725 | D:3      | Killed Robin
  1099 | D:2      | Noticed a bullfrog
  1106 | D:2      | Killed a bullfrog
  1107 | D:2      | Reached skill level 5 in Axes
  1107 | D:2      | Reached XP level 4. HP: 24/41 MP: 3/3
  1171 | D:2      | You fall into a shaft and drop 2 floors!
  1182 | D:4      | Reached XP level 5. HP: 25/47 MP: 4/4
  1351 | D:4      | Noticed an ogre
  1365 | D:4      | Killed an ogre
  1366 | D:4      | Reached skill level 5 in Fighting
  1392 | D:4      | Reached XP level 6. HP: 53/56 MP: 5/5
  1409 | D:4      | Reached skill level 6 in Axes
  1437 | D:4      | Reached skill level 5 in Armour
  1817 | D:4      | Reached XP level 7. HP: 44/61 MP: 6/6
  2097 | D:4      | Found a sacrificial altar of Ru.
  2106 | D:4      | Fell from the grace of Trog
  2106 | D:4      | Became a worshipper of Ru the Awakened
  2235 | D:5      | Entered Level 5 of the Dungeon
  2395 | D:5      | Reached skill level 7 in Axes
  2488 | D:5      | Noticed a polar bear
  2492 | D:5      | HP: 2/62 [polar bear[the rage of Trog] (3)]
  2493 | D:5      | Slain by a black bear

Illustrated notes

Levels and vault maps discovered:
D:1:      dpeg_arrival_arbitrary_b, layout_basic, serial_forest,
          infiniplex_forest_clump_cross, infiniplex_forest_clump_cross,
          infiniplex_forest_corner_1, infiniplex_forest_split,
          infiniplex_forest_fountain, infiniplex_forest_fountain,
          infiniplex_forest_straight_2, minmay_heptomino_w4
D:2:      layout_loops_ring
D:3:      layout_basic, grunt_temple_overflow_diamond,
          chequers_ecumenical_altar_island, uniq_terence, uniq_robin
D:4:      layout_rooms, kennysheep_mini_moat
D:5:      layout_loops_ring, serial_bayou_lagoon_a

Skill      XL: |  1  2  3  4  5  6  7 |
---------------+----------------------+-----
Axes           | 4 5 6 7 |  7.1
Fighting       | 4 5 |  5.8
Armour         | 3 4 5 6 |  6.1
Dodging        | 3 |  3.3

Action                   |  1- 3 |  4- 6 |  7- 9 || total
-------------------------+-------+-------+-------++-------
Melee: Hand axe          |   206 |    77 |    30 ||   313
       Headbutt          |    68 |    12 |     6 ||    86
Invok: Berserk           |     3 |       |       ||     3
  Use: Potion            |     2 |     1 |     1 ||     4
Armor: Ring mail         |    31 |    19 |    11 ||    61
Dodge: Dodged            |    54 |    56 |    25 ||   135
